 Dungeon Crawl Stone Soup version 0.21-a0-128-gf2b353c (webtiles) character file.

30 Charly the Ruffian (level 3, 0/36 HPs)
             Began as an Ogre Transmuter on July 16, 2017.
             Succumbed to an adder's poison
             ... on level 2 of the Dungeon.
             The game lasted 00:03:54 (234 turns).

Charly the Ruffian (Ogre Transmuter)                 Turns: 234, Time: 00:03:55

Health: 0/36       AC:  3    Str: 14    XL:     3   Next: 18%
Magic:  3/6        EV: 10    Int: 15    God:
Gold:   12         SH:  0    Dex:  9    Spells: 3/6 levels left

rFire    . . .     SeeInvis .     - Unarmed
rCold    . . .     Gourm    .   (no shield)
rNeg     . . .     Faith    .   b - +0 robe
rPois    .         Spirit   .   (helmet restricted)
rElec    .         Reflect  .   (no cloak)
rCorr    .         Harm     .   (gloves unavailable)
MR       .....                  (boots unavailable)
Stlth    +.........             (no amulet)
HPRegen  0.12/turn              (no ring)
MPRegen  0.10/turn              (no ring)

@: lethally poisoned (0 -> -4), very slightly contaminated
A: unfitting armour, tough skin 1
a: no special abilities


You were on level 2 of the Dungeon.
You were not hungry.

You visited 1 branch of the dungeon, and saw 3 of its levels.

You collected 12 gold pieces.

Inventory:

Missiles
 a - 10 arrows
Armour
 b - a +0 robe (worn)
Scrolls
 e - a scroll of blinking {unknown}
 f - a scroll of teleportation {unknown}
 g - a scroll of identify {unknown}
 h - 2 scrolls of recharging {unknown}
Books
 c - a book of Changes

   Spells                             Type                      Level
   a - Beastly Appendage              Transmutation                1
   b - Sticks to Snakes               Transmutation                2
   c - Spider Form                    Transmutation/Poison         3
   d - Ice Form                       Ice/Transmutation            4
   e - Blade Hands                    Transmutation                5
Comestibles
 d - 3 bread rations


   Skills:
 + Level 2.4 Fighting
 - Level 1.7 Dodging
 + Level 3.5 Unarmed Combat
 - Level 2.4 Spellcasting
 - Level 1.7 Transmutations


You had 3 spell levels left.
You knew the following spells:

 Your Spells              Type           Power        Failure   Level  Hunger
a - Beastly Appendage     Tmut           #.....       11%         1    #......
s - Sticks to Snakes      Tmut           #.......     16%         2    ###....


Dungeon Overview and Level Annotations

Branches:
Dungeon (3/15)

Altars:


Innate Abilities, Weirdness & Mutations

You are too large for most types of armour.
You have tough skin. (AC +1)


Message History

a whip; a kobold corpse; a goblin corpse You hit the adder.
The adder is severely wounded.
* * * LOW HITPOINT WARNING * * *
You feel sick. The adder barely misses you.
Your ball python misses the adder. x2
You hit the adder.
You kill the adder!
You have reached level 3!
Your experience leads to an increase in your attributes!
Increase (S)trength, (I)ntelligence, or (D)exterity?
You feel clever.
You feel stronger.
* * * LOW HITPOINT WARNING * * *
You feel sick.
* * * LOW HITPOINT WARNING * * *
You feel sick.
* * * LOW HITPOINT WARNING * * *
You feel sick.
You see here 12 gold pieces.
You now have 12 gold pieces.
You die...

### ..# ##..
#...#### #
#.#....#
#.#....#.#
##.##..@#.###
.......S....#
####..#.#.#.#
#....#.#.#
.##.##.#...#
.......)...###.##
########(........
........>.###.#
#######..(.#


You could see a friendly ball python.

Vanquished Creatures
  An adder (D:2)
  2 dart slugs (D:1)
  A leopard gecko (D:1)
  3 bats
  A hobgoblin (D:1)
  2 frilled lizards
  2 kobolds
  2 rats
14 creatures vanquished.

Vanquished Creatures (collateral kills)
  A leopard gecko (D:1)
  A goblin (D:2)
  A kobold (D:2)
3 creatures vanquished.

Grand Total: 17 creatures vanquished

Notes
Turn   | Place    | Note
-------+----------+-------------------------------------------
     0 | D:1      | Charly the Ogre Transmuter began the quest for the Orb.
     0 | D:1      | Reached XP level 1. HP: 19/19 MP: 3/3
    43 | D:1      | Reached skill level 3 in Unarmed Combat
   106 | D:1      | Reached XP level 2. HP: 27/27 MP: 3/5
   110 | D:1      | Learned a level 2 spell: Sticks to Snakes
   228 | D:2      | Reached XP level 3. HP: 3/36 MP: 2/6
   230 | D:2      | HP: 1/36 [poisoned by an adder]
   234 | D:2      | Succumbed to an adder's poison

Vault maps used:
D:1:      dpeg_arrival_boxes_within_box, minmay_misc_feat_tiny
D:2:      old_standard_altar, uniq_sigmund, uniq_robin, uniq_crazy_yiuf_cottage
D:3:      nemelex_xobeh_ov_fountains_minmay, nicolae_overflow_crystal_walls,
          first_bread, kennysheep_generic_room_2

Skill      XL: |  1  2 |
---------------+-------+-----
Unarmed Combat | 3 |  3.5
Fighting       | 2 |  2.4
Dodging        | |  1.7
Spellcasting   | |  2.4
Transmutations | |  1.7

Action                   || total
-------------------------++-------
Melee: Unarmed           ||    61
       Headbutt          ||     2
       Kick              ||     1
 Cast: Beastly Appendage ||     5
       Sticks to Snakes  ||     2
  Eat: Fruit             ||     1
Armor: Robe              ||    26
Dodge: Dodged            ||    36
